 Dungeon Crawl Stone Soup version 0.14-a0-848-g57a047c (webtiles) character file.

155 4tharraofdagon the Chopper (level 4, -4/42 HPs)
             Began as a Deep Dwarf Gladiator on Nov 14, 2013.
             Slain by a trapdoor spider simulacrum (14 damage)
             ... on Level 11 of the Dungeon.
             The game lasted 00:04:42 (739 turns).

4tharraofdagon the Chopper (Deep Dwarf Gladiator)    Turns: 739, Time: 00:04:42

HP  -4/42        AC  4     Str 19      XL: 4   Next: 86%
MP   2/2         EV 12     Int  9      God:
Gold 27          SH  0     Dex 13      Spells:  0 memorised,  3 levels left

Res.Fire  : . . .   See Invis. : .   a - +0 dwarf hand axe
Res.Cold  : . . .   Warding    : .   b - +0 leather armour
Life Prot.: . . .   Conserve   : .   (no shield)
Res.Poison: .       Res.Corr.  : .   c - +0 dwarf helmet
Res.Elec. : .       Clarity    : .   (no cloak)
Sust.Abil.: . .     Spirit.Shd : .   (no gloves)
Res.Mut.  : .       Stasis     : .   (no boots)
Res.Rott. : .       Flight     : .   (no amulet)
Saprovore : . . .                    (no ring)
                                     (no ring)

@: non-regenerating, slightly resistant to hostile enchantments, very unstealthy
A: damage resistance, recharge devices, sense surroundings 1, slow healing 3
a: Device Recharging


You were on level 11 of the Dungeon.
You were not hungry.

You visited 1 branch of the dungeon, and saw 11 of its levels.

You collected 27 gold pieces.

Inventory:

Hand weapons
 a - a +0,+0 dwarven hand axe (weapon)
 g - a -4,-2 orcish hand axe
Missiles
 d - 3 throwing nets (quivered)
 h - 7 javelins
Armour
 b - a +0 leather armour (worn)
 c - a +0 dwarven helmet (worn)
Magical devices
 e - a wand of heal wounds (4)
Comestibles
 f - 3 bread rations
Jewellery
 j - an uncursed amulet of stasis {unknown}
Books
 k - a book of Frost

   Spells                             Type                      Level
   Freeze                             Ice                          1
   Throw Frost                        Conjuration/Ice              2
   Ozocubu's Armour                   Charms/Ice                   3
   Throw Icicle                       Conjuration/Ice              4
   Summon Ice Beast                   Ice/Summoning                4
   Condensation Shield                Ice                          4


   Skills:
 + Level 2.7 Fighting
 * Level 4.6 Axes
 - Level 1.7 Throwing
 + Level 2.5 Armour
 - Level 3.2 Dodging
 + Level 1.1 Evocations


You had 3 spell levels left.
You didn't know any spells.

Dungeon Overview and Level Annotations

Branches:
Dungeon (11/16)
 Temple: D:4-7          Orc: D:6-11        Lair: D:8-13

Altars:

Annotations:
D:4 nOtime's ghost, average MiFi
D:11 Egon's ghost, powerful DjWz


Innate Abilities, Weirdness & Mutations

You are resistant to damage.
You can recharge devices by infusing magical energy.
You passively map a small area around you.
You do not heal naturally.


Message History

The floor.
Evoke which item? (* to show all) (? for menu, Esc to quit)
Zapping:
e - a wand of heal wounds (5)
Press: ? - help, Shift-Dir - straight line, f - you You feel much better.
This wand has 4 charges left.
The polar bear bites you! The polar bear claws you.
The polar bear barely misses you. The ice beast closely misses you.
Unknown command.
The polar bear misses you.
The polar bear claws you but does no damage.
The ice beast hits you but does no damage.
Unknown command.
Unknown command.
The ice beast barely misses you.
Unknown command.
The ice beast hits you but does no damage.
The trapdoor spider simulacrum bites you!
* * * LOW HITPOINT WARNING * * *
The trapdoor spider simulacrum freezes you!
You die...

.............#.....
.....................
###.####..............
≈≈≈..≈≈#..............
,,
≈.....;#...............
#≈......#...............
, ,
........z.p.............
, *
#≈......#IzU...........
*≈≈....≈#.@.........#..
≈≈..≈≈≈#.............. ,
###.####.......#..... ,
, .....................
, ..#................
....................
................... ,
#...................
§§........#.#..#.....


You could see a polar bear, an ice beast, an electric eel, Egon's ghost, a
worker ant simulacrum and a trapdoor spider simulacrum.

Vanquished Creatures
  3 worker ants
  2 adders
  A giant gecko (D:6)
  3 orcs
  4 bats
  2 hobgoblins
  4 jackals (D:8)
  3 kobolds
  2 giant newts (D:3)
  3 goblins
  A hobgoblin skeleton (D:8)
  2 kobold skeletons
  A rat (D:8)
31 creatures vanquished.

Vanquished Creatures (others)
  A giant frog (D:11)
  A scorpion (D:11)
2 creatures vanquished.

Grand Total: 33 creatures vanquished

Notes
Turn   | Place    | Note
--------------------------------------------------------------
     0 | D:1      | 4tharraofdagon, the Deep Dwarf Gladiator, began the quest for the Orb.
     0 | D:1      | Reached XP level 1. HP: 20/20 MP: 0/0
    27 | D:2      | Reached XP level 2. HP: 25/27 MP: 1/1
   184 | D:3      | Reached skill level 1 in Armour
   209 | D:4      | Reached skill level 4 in Axes
   209 | D:4      | Reached XP level 3. HP: 23/33 MP: 2/2
   218 | D:4      | Reached XP level 4. HP: 29/42 MP: 3/3
   276 | D:4      | Noticed nOtime's ghost (average MiFi)
   292 | D:5      | Entered Level 5 of the Dungeon
   292 | D:5      | Noticed an ogre
   686 | D:8      | Reached skill level 1 in Evocations
   694 | D:10     | Entered Level 10 of the Dungeon
   694 | D:10     | Noticed a troll
   694 | D:10     | Noticed a hungry ghost
   711 | D:11     | Noticed a polar bear
   718 | D:11     | Noticed an ice beast
   723 | D:11     | Noticed a giant frog
   725 | D:11     | Noticed Egon's ghost (powerful DjWz)
   732 | D:11     | Noticed a trapdoor spider simulacrum
   735 | D:11     | Killed a giant frog
   739 | D:11     | Slain by a trapdoor spider simulacrum

Action                   |  1- 3 |  4- 6 || total
-------------------------+-------+-------++-------
Melee: Hand axe          |    40 |    98 ||   138
 Abil: Device Recharging |       |     1 ||     1
Evoke: Wand              |     1 |     5 ||     6
  Use: Potion            |     1 |     4 ||     5
       Scroll            |       |     3 ||     3
